 Dungeon Crawl Stone Soup version 0.29.1-12-g30fa7ad0bf (webtiles) character file.

Game seed: 17730415354174511738

25 wingedge the Shield-Bearer (level 3, -4/28 HPs)
             Began as a Human Wanderer on Dec 21, 2022.
             Slain by a gnoll
             ... wielding a +0 spear
              (6 damage)
             ... on level 1 of the Dungeon.
             The game lasted 00:05:58 (798 turns).

wingedge the Shield-Bearer (Human Wanderer)          Turns: 798, Time: 00:05:59

Health: -4/28      AC:  2    Str: 11    XL:     3   Next: 17%
Magic:  1/6        EV: 10    Int: 14    God:
Gold:   36         SH:  6    Dex: 13    Spells: 3/6 levels left

rFire   . . .      SeeInvis .   a - +0 dagger
rCold   . . .      Faith    .   c - +2 buckler
rNeg    . . .      Spirit   .   e - +0 robe
rPois   .          Reflect  .   (no helmet)
rElec   .          Harm     .   (no cloak)
rCorr   .          Rampage  .   (no gloves)
Will    .....                   (no boots)
Stlth   +.........              (no amulet)
HPRegen 0.09/turn               (no ring)
MPRegen 0.10/turn               (no ring)

@: very slightly contaminated
A: no striking features
a: no special abilities


You were on level 1 of the Dungeon.
You visited 1 branch of the dungeon, and saw 1 of its levels.

You collected 36 gold pieces.

Inventory:

Hand Weapons
 a - a +0 dagger (weapon)
Missiles
 b - 9 boomerangs (quivered)
Armour
 c - a +2 buckler (worn)
 e - a +0 robe (worn)
Scrolls
 h - a scroll of immolation
Potions
 d - a potion of mutation
 g - a potion of ambrosia {unknown}
 j - a potion of attraction {unknown}


   Skills:
 + Level 2.4 Fighting
 - Level 1.0 Throwing
 - Level 1.0 Armour
 - Level 3.0 Shields
 - Level 2.0 Spellcasting
 + Level 0.7 Conjurations
 - Level 2.0 Translocations
 + Level 0.8 Air Magic


You had 3 spell levels left.
You knew the following spells:

 Your Spells              Type           Power      Damage    Failure   Level
a - Apportation           Tloc           14%        N/A       14%         1
b - Static Discharge      Conj/Air       3%         3-4/arc   34%         2

Your spell library contained the following spells:

 Spells                   Type           Power      Damage    Failure   Level
 Blink                    Tloc           14%        N/A       21%         2
 Lesser Beckoning         Tloc           7%         N/A       38%         3
 Portal Projectile        Hex/Tloc       8%         N/A       52%         3
 Iskenderun's Mystic Bla  Conj/Tloc      5%         2d3       87%         4
 Fulminant Prism          Conj/Hex       1%         3d6       95%         4
 Sticky Flame             Conj/Fire      2%         2d3       95%         4
 Dispel Undead            Necr           1%         3d6       97%         4
 Manifold Assault         Tloc           7%         N/A       98%         5
 Lee's Rapid Deconstruct  Erth           0%         3d5*      100%        5


Dungeon Overview and Level Annotations

Branches:
Dungeon (1/15)

Altars:


Message History

Press: ? - help, Dir - move target, f - quokka, p - gnoll
Aim: a quokka (severely wounded, about 47% to evade your +0 dagger)
You hit the quokka.
You kill the quokka!
The gnoll hits you from afar with a +0 spear.
Unknown command.
Unknown command.
The gnoll hits you but does no damage. You block the gnoll's attack.
You see here a quokka corpse.
You hit the gnoll.
The gnoll is severely wounded.
The gnoll hits you with a +0 spear.
* * * LOW HITPOINT WARNING * * *
You hit the gnoll.
The gnoll is severely wounded.
The gnoll misses you. The gnoll hits you with a +0 spear.
* * * LOW HITPOINT WARNING * * *
Okay, then.
You barely miss the gnoll.
The gnoll is severely wounded.
The gnoll hits you with a +0 spear.
* * * LOW HITPOINT WARNING * * *
You closely miss the gnoll.
The gnoll is severely wounded.
The gnoll completely misses you.
You closely miss the gnoll.
The gnoll is severely wounded.
The gnoll barely misses you.
Okay, then.
You closely miss the gnoll.
The gnoll is severely wounded.
The gnoll barely misses you.
Casting: Static Discharge (quite dangerous; 34% risk of failure)
Confirm with . or Enter, or press ? or * to list all spells.
The spell is quite dangerous to miscast (34% risk of failure)!
Continue anyway?
You miscast Static Discharge.
You are very lightly contaminated with residual magic.
Nothing appears to happen.
The gnoll hits you with a +0 spear.
You die...

#.#**,* #.#,,.##### #.#,,.....#
****** #.#,,....(# *>,,,*
#.#,,.....# *,**,*
#.#,,.....***** *,**.####*
####.#,,...,,,,,,,
*,**.....###.g..###$#**,,,,,,
*,**........@##...!.# *,,,,,,
*,**###......##.#####**,,,,,,
*,* #......##..,,,,**,,,,,, *,*
#......#######,******** *,*
#.....#......#,*
***+**####.####......#,*
*,,,,,#.......#......#.########
*,,,,,#.......#......#.........
*,,,,,#.................##....#


You could see a gnoll.

Vanquished Creatures
  A ball python (D:1)
  2 endoplasms (D:1)
  2 giant cockroaches (D:1)
  2 goblins (D:1)
  3 hobgoblins (D:1)
  A kobold (D:1)
  2 quokkas (D:1)
  2 bats (D:1)
  2 frilled lizards (D:1)
  6 rats (D:1)
23 creatures vanquished.

Notes
Turn   | Place    | Note
-------+----------+-------------------------------------------
     0 | D:1      | wingedge the Human Wanderer began the quest for the Orb.
     0 | D:1      | wingedge set off with the following items: a +0 dagger, 9
                  | boomerangs, a +2 buckler, a potion of mutation, a +0 robe;
                  | and the following spell memorised: Apportation; and the
                  | following spells available to memorise: Portal Projectile.
     0 | D:1      | Reached XP level 1. HP: 15/15 MP: 3/3
    51 | D:1      | Reached XP level 2. HP: 17/22 MP: 5/5
   161 | D:1      | Found a faded altar of an unknown god.
   436 | D:1      | Reached XP level 3. HP: 4/28 MP: 6/6
   697 | D:1      | Learned a level 2 spell: Static Discharge
   787 | D:1      | HP: 1/28 [gnoll/+0 spear (7)]
   798 | D:1      | Slain by a gnoll

Illustrated notes

Levels and vault maps discovered:
D:1:      dpeg_arrival_long_road, layout_basic,
          ebering_ecumenical_altar_abandoned, patterned_corridor

Skill      XL: |  1  2 |
---------------+-------+-----
Fighting       | 2 |  2.4
Throwing       | |  1.0
Armour         | |  1.0
Shields        | |  3.0
Spellcasting   | |  2.0
Conjurations   | |  0.7
Translocations | |  2.0
Air Magic      | |  0.8

Action                   || total
-------------------------++-------
Melee: Dagger            ||    81
Throw: Boomerang         ||    24
  Use: Scroll            ||     2
       Potion            ||     2
Armor: Robe              ||     9
Dodge: Dodged            ||    44
Block: Buckler           ||    30
